 Dungeon Crawl Stone Soup version 0.16.1-30-g34a7ffa (webtiles) character file.

121 Jb9000 the Shield-Bearer (level 5, 0/32 HPs)
             Began as a Gargoyle Fighter on June 25, 2015.
             Was an Initiate of Dithmenos.
             Killed from afar by an orc wizard (3 damage)
             ... with a magic dart
             ... on level 3 of the Dungeon.
             The game lasted 00:11:22 (2123 turns).

Jb9000 the Shield-Bearer (Gargoyle Fighter)         Turns: 2123, Time: 00:11:22

Health: 0/32       AC: 12    Str: 19    XL:     5   Next: 5%
Magic:  5/5        EV:  7    Int:  9    God:    Dithmenos [......]
Gold:   147        SH:  9    Dex: 10    Spells: 0 memorised, 4 levels left

rFire  . . .     SeeInvis .     a - +1 long sword
rCold  . . .     Clarity  .     b - +0 scale mail
rNeg   + . .     SustAb   .     c - +0 shield
rPois  ∞         Gourm    .     w - +0 helmet (curse)
rElec  +         Spirit   .     (no cloak)
rCorr  .         Warding  .     (no gloves)
rMut   .         Stasis   .     (no boots)
MR     .....                    (no amulet)
Stlth  +.........               (no ring)
                                m - ring of flight

@: not resistant to hostile enchantments, very unstealthy
A: negative energy resistance 1, electricity resistance, unbreathing,
petrification resistance, rot immunity, AC +4
a: Renounce Religion, Evoke Flight


You were on level 3 of the Dungeon.
You worshipped Dithmenos.
Dithmenos was noncommittal.
You were hungry.

You visited 1 branch of the dungeon, and saw 3 of its levels.

You collected 147 gold pieces.

Inventory:

Hand weapons
 a - a +1 long sword (weapon)
 f - a +0 hunting sling
 t - a +2 hand axe of venom
Missiles
 i - 16 arrows of frost
 u - a throwing net (quivered)
Armour
 b - a +0 scale mail (worn)
 c - a +0 shield (worn)
 h - a +2 robe of resistance
 w - a cursed +0 helmet (worn)
Jewellery
 l - an uncursed ring of sustain abilities {unknown}
 m - a ring of flight (left hand)
Scrolls
 j - a scroll of teleportation
 k - a scroll of amnesia
 y - a scroll of remove curse
Potions
 e - 4 potions of might
 g - a potion of resistance {unknown}
 n - 2 potions of curing {unknown}
 o - a potion of flight {unknown}
 q - a potion of brilliance {unknown}
 r - a potion of poison {unknown}
 s - a potion of beneficial mutation {unknown}
 v - a potion of heal wounds {unknown}
 x - a potion of agility {unknown}
Comestibles
 d - 2 bread rations
 p - 9 chunks of flesh


   Skills:
 + Level 3.6 Fighting
 + Level 2.2 Long Blades
 + Level 3.8 Armour
 + Level 1.2 Dodging
 * Level 2.6 Stealth
 + Level 3.9 Shields


You had 4 spell levels left.
You didn't know any spells.

Dungeon Overview and Level Annotations

Branches:
Dungeon (3/15)

Altars:
Dithmenos


Innate Abilities, Weirdness & Mutations

You are resistant to torment.
You are immune to poison.
Your stone body is very resilient (AC +4).
You resist negative energy.
You are resistant to electric shocks.
You can survive without breathing.
You are immune to petrification.
You are immune to rotting.


Message History

The orc wizard flickers and vanishes!
Deactivating autopickup; reactivate with Ctrl-A.
You slash something! Something hits you but does no damage.
You block its attack.
You miss something.
You hear some strange, mumbled words.
The magic dart hits you!
You closely miss something. Something hits you but does no damage.
You closely miss something. Something hits you.
You hear some strange, mumbled words.
The puff of flame hits you!
* * * LOW HITPOINT WARNING * * *
You hit something but do no damage.
You hear some strange, mumbled words.
Something tries to affect you, but you resist.
Your shield and scale mail prevent you from hitting something.
Something hits you but does no damage.
You hear some strange, mumbled words.
The magic dart hits you!
You die...

....##.##.....[[......#
.....###......#####.#.#
###...........#####.#
##........[.......#
##.........#######
#.###..[..#######.# #.#
###............. .
#......####.# #..###@#
#..# #{# ..... .o.
###..###... #.. #...# .
#...# #.... ...... #.#


You could see an orc.

Vanquished Creatures
  Jessica (D:2)
  Robin (D:3)
  An adder (D:2)
  3 worms (D:2)
  8 orcs (D:3)
  2 bats
  3 giant cockroaches
  13 goblins
  8 hobgoblins
  4 jackals (D:2)
  2 giant geckos (D:2)
  3 giant newts
  4 kobolds
  4 rats
57 creatures vanquished.

Notes
Turn   | Place    | Note
--------------------------------------------------------------
     0 | D:1      | Jb9000, the Gargoyle Fighter, began the quest for the Orb.
     0 | D:1      | Reached XP level 1. HP: 14/14 MP: 1/1
   332 | D:1      | Reached XP level 2. HP: 19/19 MP: 2/2
   798 | D:2      | Reached skill level 1 in Stealth
   807 | D:2      | Reached XP level 3. HP: 16/23 MP: 3/3
   914 | D:2      | Noticed Jessica
   919 | D:2      | Killed Jessica
  1239 | D:2      | Reached XP level 4. HP: 25/28 MP: 4/4
  1298 | D:2      | Reached skill level 1 in Dodging
  1702 | D:3      | Noticed Robin
  1877 | D:3      | Killed Robin
  1942 | D:3      | Found a shadowy altar of Dithmenos.
  1953 | D:3      | Became a worshipper of Dithmenos the Shadowed
  1992 | D:3      | Reached XP level 5. HP: 20/32 MP: 5/5
  2123 | D:3      | Killed from afar by an orc wizard

Action                   |  1- 3 |  4- 6 || total
-------------------------+-------+-------++-------
Melee: Long sword        |   102 |   158 ||   260
  Use: Scroll            |     8 |     1 ||     9
  Eat: Chunk             |     1 |     3 ||     4
